 Dungeon Crawl Stone Soup version 0.21-a0 (webtiles) character file.

3661 Lexie the Magician (level 10, -2/65 HPs)
             Began as an Octopode Wizard on May 19, 2017.
             Slain by a wolf (6 damage)
             ... led by Grum
             ... on level 7 of the Dungeon.
             The game lasted 00:29:13 (13435 turns).

Lexie the Magician (Octopode Wizard)               Turns: 13435, Time: 00:29:14

Health: -2/65      AC:  1    Str:  6    XL:     10   Next: 12%
Magic:  6/21       EV: 14    Int: 24    God:
Gold:   415        SH:  5    Dex: 14    Spells: 15/24 levels left

rFire    . . .     SeeInvis .   d - +0 dagger
rCold    + . .     Gourm    .   q - +0 buckler
rNeg     . . .     Faith    +   a - +0 hat
rPois    .         Spirit   .   J - amulet "Lepihogo" {Faith *Corrode +Blink rElec Dex+3}
rElec    +         Reflect  .   x - ring of loudness (curse)
rCorr    .         Harm     .   F - ring of protection from cold
MR       .....                  G - ring of stealth
Stlth    ++++......             (no ring)
Regen    0.2/turn               (no ring)
MPRegen  0.2/turn               (no ring)
                                (no ring)
                                (no ring)

@: no status effects
A: almost no armour, stealthy swim, amphibious, 8 rings, constrict 8, camouflage
1, gelatinous body 1
a: Evoke Blink


You were on level 7 of the Dungeon.
You were near starving.

You visited 1 branch of the dungeon, and saw 8 of its levels.

You collected 415 gold pieces.

Inventory:

Hand Weapons
 d - a +0 dagger (weapon)
 l - a +0 blowgun
Missiles
 t - 31 poisoned needles
 y - 2 throwing nets (quivered)
Armour
 a - a +0 hat (worn)
 q - a +0 buckler (worn)
Jewellery
 x - a cursed ring of loudness (left tentacle)
 F - a ring of protection from cold (right tentacle)
 G - a ring of stealth (on tentacle)
 J - the amulet "Lepihogo" (around mantle) {Faith *Corrode +Blink rElec Dex+3}
   (You found it on level 7 of the Dungeon)

   [amulet of faith]

   It allows you to gain divine favour quickly.
   It affects your dexterity (+3).
   It insulates you from electricity.
   It lets you blink.
   It may corrode you when you take damage.
Wands
 A - a wand of digging (3/24)
 B - a wand of iceblast (2/15)
 K - a wand of disintegration (16/24)
Scrolls
 j - 8 scrolls of teleportation {unknown}
 k - 3 scrolls of immolation {unknown}
 n - 7 scrolls of identify {unknown}
 o - a scroll of recharging {unknown}
 s - a scroll of remove curse {unknown}
 v - 2 scrolls of enchant armour {unknown}
 z - a scroll of blinking {unknown}
 I - a scroll of amnesia {unknown}
Potions
 e - a potion of ambrosia {unknown}
 h - a potion of brilliance {unknown}
 i - a potion of agility {unknown}
 p - 4 potions of curing {unknown}
 r - a potion of haste {unknown}
 u - a potion of cancellation {unknown}
 w - a potion of invisibility
 C - a potion of heal wounds {unknown}
 D - a potion of flight {unknown}
 E - a potion of mutation {unknown}
Books
 b - a book of Minor Magic

   Spells                             Type                      Level
   a - Magic Dart                     Conjuration                  1
   b - Blink                          Translocation                2
   c - Call Imp                       Summoning                    2
   d - Slow                           Hexes                        2
   e - Conjure Flame                  Conjuration/Fire             3
   f - Mephitic Cloud                 Conjuration/Poison/Air       3
Comestibles
 c - 4 bread rations
 f - 2 royal jellies
 g - 5 fruits
 m - 3 meat rations


   Skills:
 + Level 4.9 Fighting
 - Level 0.2 Short Blades
 - Level 2.4 Dodging
 - Level 3.8 Stealth
 - Level 6.0 Shields
 + Level 7.6 Spellcasting
 + Level 7.5 Conjurations
   Level 1.0 Summonings
 - Level 1.0 Translocations
 - Level 4.5 Poison Magic


You had 15 spell levels left.
You knew the following spells:

 Your Spells              Type           Power        Failure   Level  Hunger
a - Magic Dart            Conj           ####         1%          1    None
b - Blink                 Tloc           N/A          7%          2    None
c - Conjure Flame         Conj/Fire      ####....     4%          3    None
d - Mephitic Cloud        Conj/Pois/Air  ####....     3%          3    None


Dungeon Overview and Level Annotations

Branches:
Dungeon (8/15)             Temple (0/1) D:7
   Lair: D:8-11

Altars:
Wu Jian

Annotations:
D:7 Duvessa


Innate Abilities, Weirdness & Mutations

You cannot wear most types of armour.
You are very stealthy in the water. (Stealth+)
You are amphibious.
You can wear up to eight rings at the same time.
You can use your tentacles to constrict eight enemies at once.
Your skin changes colour to match your surroundings (Stealth+).
Your rubbery body absorbs attacks. (AC +1, EV +1)


Message History

The wolf bites you.
You climb upwards.
Level annotation: Duvessa Duvessa hits you with a short sword of freezing.
* * * LOW HITPOINT WARNING * * *
There is a stone staircase leading down here.
The wolf bites you!
* * * LOW HITPOINT WARNING * * *
The wolf bites you.
* * * LOW HITPOINT WARNING * * *
Duvessa drinks a potion.
Duvessa seems to grow stronger.
The wolf closely misses you.
Casting: Magic Dart
Confirm with . or Enter, or press ? or * to list all spells.
Aiming: Mephitic Cloud
Press: ? - help, Shift-Dir - straight line, f - wolf
Aim: a wolf
Okay, then.
The wolf bites you.
You die...

#.##.######..##
#.#####...#..# #.##.#
#...# #.##.....###.##
.....# #...#
#.##.##...#.... #.#..#
#...# #.##.##.#...###
#....# #..>#
#)......####### ##..##
#...# ####...........
#....#
##...########...###......
♣....♣
#..........#>....##..)...
♣...♣♣
#.......@h.e.............
♣♣.♣♣
#..........#......#......
.♣♣
#.....#######............
♣ #......# ##...###.....
#......# #...# #####
#......# #...# #.....##
...# ##...#.# ## #.###.##
###


You could see Duvessa and a wolf.

Vanquished Creatures
  A two-headed ogre (D:5)
  Psyche (D:8)
  Eustachio (D:6)
  A hungry ghost (D:7)
  Grum (D:8)
  3 sky beasts
  A phantom (D:5)
  An ogre (D:5)
  2 wolves (D:8)
  A centaur (D:5)
  The ghost of KarvaRausku the Conjurer, an amateur TeCj (D:4)
  4 bullfrogs
  Blork the orc (D:4)
  A wyvern skeleton (D:6)
  2 scorpions
  Dowan (D:7)
  4 wights (D:6)
  A howler monkey (D:7)
  2 crimson imps
  A jelly (D:4)
  6 hounds
  2 bullfrog skeletons (D:7)
  A centaur skeleton (D:8)
  Natasha (thrice) (D:4)
  3 worker ants (D:4)
  2 iguanas
  3 orc wizards
  A hound skeleton (D:6)
  3 gnolls (D:7)
  A howler monkey skeleton (D:4)
  13 adders
  2 shadow imps
  An ooze (D:3)
  4 worms
  3 dart slugs
  2 leopard geckos
  30 orcs
  13 bats
  6 giant cockroaches
  10 goblins
  12 hobgoblins
  6 kobolds
  6 quokkas
  A ball python (D:3)
  5 frilled lizards
  A leopard gecko zombie (D:5)
  A quokka skeleton (D:6)
  A quokka zombie (D:5)
  8 rats
181 creatures vanquished.

Notes
Turn   | Place    | Note
-------+----------+-------------------------------------------
     0 | D:1      | Lexie the Octopode Wizard began the quest for the Orb.
     0 | D:1      | Reached XP level 1. HP: 11/11 MP: 4/4
   323 | D:1      | Reached XP level 2. HP: 17/17 MP: 1/6
   735 | D:1      | Reached XP level 3. HP: 21/21 MP: 1/8
   739 | D:1      | Learned a level 2 spell: Blink
   743 | D:1      | Learned a level 3 spell: Conjure Flame
   747 | D:1      | Learned a level 3 spell: Mephitic Cloud
  2152 | D:2      | Reached XP level 4. HP: 18/27 MP: 0/9
  3714 | D:3      | Reached XP level 5. HP: 22/32 MP: 3/11
  4310 | D:3      | Found a faded altar of an unknown god.
  5078 | D:4      | Noticed Blork the orc
  5125 | D:4      | Reached skill level 1 in Shields
  5357 | D:4      | Reached XP level 6. HP: 29/37 MP: 3/12
  5514 | D:4      | Noticed KarvaRausku's ghost (amateur TeCj)
  5524 | D:4      | Killed KarvaRausku's ghost
  5818 | D:4      | HP: 1/37 [hound (3)]
  6681 | D:4      | Noticed Natasha
  6687 | D:4      | Killed Natasha
  6789 | D:4      | Noticed Natasha
  7140 | D:4      | Reached XP level 7. HP: 42/42 MP: 5/14
  7157 | D:4      | Reached skill level 1 in Poison Magic
  7313 | D:4      | Killed Natasha
  7456 | D:5      | Entered Level 5 of the Dungeon
  7490 | D:5      | Noticed a two-headed ogre
  7755 | D:4      | Noticed Natasha
  7782 | D:4      | HP: 2/42 [white imp/puff of frost[Natasha] (11)]
  8077 | D:4      | Killed Natasha
  8077 | D:4      | Reached skill level 5 in Spellcasting
  8090 | D:4      | Killed Blork the orc
  8613 | D:5      | Found an ornate altar of the Wu Jian Council.
  9035 | D:4      | Reached XP level 8. HP: 37/47 MP: 9/15
  9912 | D:5      | Killed a two-headed ogre
  9912 | D:5      | Reached skill level 5 in Conjurations
 10140 | D:6      | Reached XP level 9. HP: 52/52 MP: 11/18
 10329 | D:6      | Noticed Eustachio
 10346 | D:6      | Killed Eustachio
 10346 | D:6      | Reached skill level 1 in Fighting
 10409 | D:6      | Found an ornate altar of the Wu Jian Council.
 12551 | D:7      | Found a staircase to the Ecumenical Temple.
 12563 | D:7      | Got a twitching garnet amulet
 12564 | D:7      | Identified the amulet "Lepihogo" {Faith *Corrode +Blink rElec Dex+3} (You found it on level 7 of the Dungeon)
 12843 | D:7      | Noticed Dowan
 12845 | D:7      | Noticed Duvessa
 12852 | D:7      | Killed Dowan
 12983 | D:8      | Noticed Psyche
 13121 | D:8      | Killed Psyche
 13121 | D:8      | Reached XP level 10. HP: 58/65 MP: 5/21
 13261 | D:8      | Noticed Grum
 13426 | D:8      | Killed Grum
 13432 | D:7      | HP: 3/65 [wolf[Grum] (2)]
 13435 | D:7      | Slain by a wolf

Vault maps used:
D:1:      lemuel_arrival_behind_the_door_large, kennysheep_crisscross
D:3:      chequers_ecumenical_altar_twisty
D:4:      first_bread, uniq_blork_the_orc, uniq_natasha
D:5:      basic_altar
D:6:      lemuel_crystal_altar, kennysheep_donut, uniq_eustachio
D:7:      temple_statues, st_stairs_14, uniq_pikel, uniq_duvessa,
          uniq_crazy_yiuf_cottage
D:8:      minmay_cut_squares, grunt_livestock, uniq_grum, uniq_erica,
          uniq_psyche

Skill      XL: |  1  2  3  4  5  6  7  8  9 |
---------------+----------------------------+-----
Stealth        | 3 |  3.8
Conjurations   | 2 3 4 5 7 |  7.5
Spellcasting   | 4 5 6 7 |  7.6
Shields        | 1 2 4 6 |  6.0
Poison Magic   | 2 4 |  4.5
Fighting       | 4 |  4.9
Short Blades   | |  0.2
Dodging        | |  2.4
Summonings     | |  1.0
Translocations | |  1.0

Action                   |  1- 3 |  4- 6 |  7- 9 | 10-12 || total
-------------------------+-------+-------+-------+-------++-------
Melee: Unarmed           |     8 |       |       |       ||     8
       Constrict         |     8 |     8 |    12 |     3 ||    31
       Tentacles         |     4 |     7 |    13 |     1 ||    25
       Dagger            |    15 |    24 |    61 |     9 ||   109
 Fire: Blowgun           |       |    10 |       |       ||    10
 Cast: Magic Dart        |    94 |   258 |   375 |    18 ||   745
       Conjure Flame     |     1 |     1 |     8 |     1 ||    11
       Mephitic Cloud    |       |    10 |    38 |     3 ||    51
       Blink             |       |       |     7 |     8 ||    15
 Stab: Confused          |       |     3 |     9 |     1 ||    13
       Sleeping          |       |       |     1 |       ||     1
  Eat: Chunk             |     4 |    15 |    14 |       ||    33
       Meat ration       |       |       |     1 |       ||     1
Armor: Skin              |     4 |     8 |     1 |     2 ||    15
Dodge: Dodged            |    20 |    84 |    66 |    20 ||   190
Block: Buckler           |       |       |     8 |     8 ||    16
